 Dungeon Crawl Stone Soup version 0.23.1 (webtiles) character file.

Game seed: 10479812490702229707

162 FunkyPutin the Firebug (level 5, 0/28 HPs)
             Began as a Deep Elf Fire Elementalist on Mar 4, 2019.
             Hit by a goblin thrown by Robin (3 damage)
             ... on level 3 of the Dungeon.
             The game lasted 00:21:06 (2953 turns).

FunkyPutin the Firebug (Deep Elf Fire Elementalist) Turns: 2953, Time: 00:21:08

Health: 0/28       AC:  3    Str:  5    XL:     5   Next: 19%
Magic:  10/13      EV: 13    Int: 21    God:
Gold:   162        SH:  0    Dex: 15    Spells: 9/12 levels left

rFire    + . .     SeeInvis .   e - +0 dagger
rCold    x . .     Gourm    .   (no shield)
rNeg     . . .     Faith    +   a - +1 robe
rPois    .         Spirit   .   (no helmet)
rElec    .         Reflect  .   (no cloak)
rCorr    .         Harm     .   (no gloves)
MR       .....                  (no boots)
Stlth    ++........             d - amulet of faith
HPRegen  0.09/turn              i - ring of fire
MPRegen  0.13/turn              (no ring)

@: lethally poisoned (0 -> -11)
A: no striking features
a: no special abilities


You were on level 3 of the Dungeon.
You were hungry.

You visited 1 branch of the dungeon, and saw 3 of its levels.

You collected 162 gold pieces.

Inventory:

Hand Weapons
 e - a +0 dagger (weapon)
Armour
 a - a +1 robe (worn)
Jewellery
 d - an amulet of faith (around neck)
 i - a ring of fire (left hand)
Scrolls
 n - a scroll of teleportation
Potions
 b - a potion of flight
 f - a potion of magic {unknown}
 g - a potion of degeneration {unknown}
 h - a potion of heal wounds {unknown}
 k - a potion of berserk rage {unknown}
Comestibles
 c - 5 rations


   Skills:
 + Level 0.2 Short Blades
 + Level 3.2 Dodging
 + Level 3.1 Stealth
 - Level 0.1 Unarmed Combat
 + Level 4.1 Spellcasting
 * Level 2.6 Conjurations
 + Level 4.7 Fire Magic


You had 9 spell levels left.
You knew the following spells:

 Your Spells              Type           Power        Failure   Level  Hunger
a - Flame Tongue          Conj/Fire      ####.        2%          1    None
b - Throw Flame           Conj/Fire      ####..       4%          2    #......

Your spell library contained the following spells:

 Spells                   Type           Power        Failure   Level  Hunger
 Conjure Flame            Conj/Fire      ####....     8%          3    ###....
 Animate Skeleton         Necr           N/A          12%         1    None
 Pain                     Necr           #...         12%         1    None
 Inner Flame              Hex/Fire       ###.....     14%         3    ###....
 Sticky Flame             Conj/Fire      ####....     26%         4    ####...
 Regeneration             Chrm/Necr      #.........   34%         3    ###....
 Vampiric Draining        Necr           #.........   34%         3    ###....
 Fireball                 Conj/Fire      ####......   58%         5    ######.
 Animate Dead             Necr           N/A          75%         4    ####...


Dungeon Overview and Level Annotations

Branches:
Dungeon (3/15)

Altars:

Annotations:
D:3 Robin


Message History

The goblin is heavily wounded.
You feel sick. The rat misses you. The goblin hits you with a +0 dagger.
The goblin barely misses you. The orc closely misses you.
You hit the goblin.
The goblin is severely wounded.
You feel sick. The rat closely misses you.
The goblin hits you with a +0 dagger. The goblin hits you with a +0 club.
You hit the goblin but do no damage.
The goblin is severely wounded.
You feel sick. The rat closely misses you. The orc barely misses you.
The goblin closely misses you.
Robin drinks a potion.
Robin seems to speed up.
The goblin hits you with a +0 club.
* * * LOW HITPOINT WARNING * * *
You hit the goblin.
You kill the goblin!
* * * LOW HITPOINT WARNING * * *
You feel sick. The rat closely misses you. The orc hits you with a +0 flail.
* * * LOW HITPOINT WARNING * * *
The goblin barely misses you. Robin throws the goblin at you!
You die...

##### ###### ..#
#...####....######
.....##g#..##..#........
....g.g@#......#.#######
.....#ro##....##.## ..##
#.K##....##..#
#...##..##...###### #...
#..##).......#
#....####...#####.#
#.... ##..## #.# #.##..
#..##### #.# #......#
#.#


You could see Robin, an orc, 2 goblins, a kobold and a rat.

Vanquished Creatures
  4 adders
  4 gnolls (D:2)
  An ooze (D:1)
  A worm (D:2)
  2 dart slugs (D:2)
  2 leopard geckos
  5 orcs (D:3)
  2 ball pythons
  3 bats
  3 giant cockroaches (D:1)
  15 goblins
  7 hobgoblins
  2 jackals (D:2)
  2 quokkas (D:2)
  6 frilled lizards
  5 kobolds
  4 rats
68 creatures vanquished.

Notes
Turn   | Place    | Note
-------+----------+-------------------------------------------
     0 | D:1      | FunkyPutin the Deep Elf Fire Elementalist began the quest
                  | for the Orb.
     0 | D:1      | Reached XP level 1. HP: 10/10 MP: 6/6
   142 | D:1      | Reached XP level 2. HP: 10/15 MP: 1/8
   679 | D:1      | Reached XP level 3. HP: 19/19 MP: 5/9
   973 | D:2      | Learned a level 2 spell: Throw Flame
  1405 | D:2      | Reached XP level 4. HP: 24/24 MP: 0/11
  1658 | D:2      | HP: 1/24 [gnoll/+0 whip (2)]
  1665 | D:2      | HP: 1/24 [gnoll/+0 whip (1)]
  2342 | D:3      | Reached XP level 5. HP: 28/28 MP: 6/12
  2945 | D:3      | Noticed Robin
  2953 | D:3      | Hit by a goblin thrown by Robin

Skill      XL: |  1  2  3  4  5 |
---------------+----------------+-----
Fire Magic     | 4 |  4.7
Conjurations   | 2 |  2.6
Dodging        | 3 |  3.2
Stealth        | 3 |  3.1
Spellcasting   | 4 |  4.1
Short Blades   | |  0.2
Unarmed Combat | |  0.1

Action                   |  1- 3 |  4- 6 || total
-------------------------+-------+-------++-------
Melee: Unarmed           |     9 |       ||     9
       Dagger            |    32 |    34 ||    66
 Cast: Flame Tongue      |    51 |    39 ||    90
       Throw Flame       |    14 |    19 ||    33
  Use: Scroll            |     3 |     5 ||     8
 Stab: Sleeping          |     3 |       ||     3
  Eat: Chunk             |     2 |     1 ||     3
       Ration            |       |     1 ||     1
Armor: Robe              |    15 |     8 ||    23
Dodge: Dodged            |    45 |    48 ||    93
